 Dungeon Crawl Stone Soup version 0.28.0-43-g3370ac3207 (webtiles) character file.

Game seed: 7610570252079417609

910 Pemander the Grave Robber (level 8, -4/67 HPs)
             Began as a Gnoll Wanderer on Mar 17, 2022.
             Slain by a gnoll sergeant
             ... wielding a +0 trident
              (10 damage)
             ... on level 5 of the Dungeon.
             The game lasted 00:06:06 (6257 turns).

Pemander the Grave Robber (Gnoll Wanderer)          Turns: 6257, Time: 00:06:07

Health: -4/67      AC:  4    Str: 14    XL:     8   Next: 8%
Magic:  2/16       EV: 12    Int: 14    God:
Gold:   145        SH:  0    Dex:  9    Spells: 10/18 levels left

rFire   . . .      SeeInvis .   t - +4 quarterstaff (chaos)
rCold   . . .      Faith    .   (shield currently unavailable)
rNeg    . . .      Spirit   .   c - +0 robe
rPois   .          Reflect  .   (no helmet)
rElec   .          Harm     .   u - +0 cloak
rCorr   .          Rampage  .   (no gloves)
Will    .....                   n - +0 pair of boots
Stlth   ++........              (no amulet)
HPRegen 0.21/turn               (no ring)
MPRegen 0.15/turn               (no ring)

@: no status effects
A: fangs 1, strong nose, distributed training
a: no special abilities


You were on level 5 of the Dungeon.
You visited 1 branch of the dungeon, and saw 5 of its levels.

You collected 145 gold pieces.

Inventory:

Hand Weapons
 a - a +0 club
 h - a +0 morningstar
 t - a +4 quarterstaff of chaos (weapon)
Armour
 c - a +0 robe (worn)
 n - a +0 pair of boots (worn)
 u - a +0 cloak (worn)
Wands
 l - a wand of acid (14)
 x - a wand of polymorph (3)
Scrolls
 d - a scroll of silence
 e - 8 scrolls of identify {unknown}
 f - 2 scrolls of magic mapping {unknown}
 g - a scroll of blinking {unknown}
 m - 2 scrolls of enchant weapon {unknown}
 p - a scroll of summoning {unknown}
 q - a scroll of noise {unknown}
 s - 2 scrolls of teleportation {unknown}
Potions
 b - 3 potions of curing
 i - 4 potions of attraction {unknown}
 j - 2 potions of might {unknown}
 k - 2 potions of invisibility {unknown}
 o - a potion of brilliance {unknown}
 r - 2 potions of ambrosia {unknown}
 v - a potion of degeneration {unknown}
 w - a potion of haste {unknown}


   Skills:
 + Level 7.2 Fighting
 + Level 2.9 Short Blades
 + Level 2.9 Long Blades
 + Level 2.9 Axes
 + Level 2.9 Maces & Flails
 + Level 2.9 Polearms
 + Level 2.9 Staves
 + Level 2.9 Slings
 + Level 2.9 Bows
 + Level 2.9 Crossbows
 + Level 2.9 Throwing
 + Level 4.0 Armour
 + Level 2.9 Dodging
 + Level 2.9 Stealth
 + Level 2.9 Shields
 + Level 2.9 Unarmed Combat
 + Level 5.8 Spellcasting
 + Level 2.3 Conjurations
 + Level 2.3 Hexes
 + Level 2.3 Summonings
 + Level 7.5 Necromancy
 + Level 2.3 Translocations
 + Level 2.3 Transmutations
 + Level 2.3 Fire Magic
 + Level 2.3 Ice Magic
 + Level 2.3 Air Magic
 + Level 2.3 Earth Magic
 + Level 2.3 Poison Magic
 + Level 3.2 Invocations
 + Level 2.9 Evocations


You had 10 spell levels left.
You knew the following spells:

 Your Spells              Type           Power      Damage    Failure   Level
a - Animate Skeleton      Necr           50%        N/A       1%          1
b - Vampiric Draining     Necr           25%        2d7       2%          3
c - Dispel Undead         Necr           25%        3d12      7%          4

Your spell library contained the following spells:

 Spells                   Type           Power      Damage    Failure   Level
 Corpse Rot               Necr/Air       36%        N/A       3%          2
 Slow                     Hex            40%        N/A       6%          1
 Summon Small Mammal      Summ           40%        N/A       6%          1
 Ensorcelled Hibernation  Hex/Ice        20%        N/A       9%          2
 Passwall                 Tmut/Erth      8%         N/A       9%          2
 Call Canine Familiar     Summ           10%        N/A       19%         3
 Confusing Touch          Hex            10%        N/A       19%         3
 Summon Guardian Golem    Hex/Summ       10%        N/A       19%         3
 Swiftness                Air            10%        N/A       19%         3


Dungeon Overview and Level Annotations

Branches:
Dungeon (5/15)
 Temple: D:4-7

Altars:

Shops:
D:4 :


Innate Abilities, Weirdness & Mutations

You have very sharp teeth.
Your uncanny sense of smell can sniff out nearby items.
Your experience applies equally to all skills.


Message History

Casting: Vampiric Draining (dangerous; 2% risk of failure)
Confirm with . or Enter, or press ? or * to list all spells.
Aiming: Vampiric Draining (dangerous; 2% risk of failure)
Press: ? - help, Shift-Dir - straight line, f/p - gnoll sergeant
Aim: a gnoll sergeant, wielding a +0 trident and wearing a +0 ring mail (moderately wounded)
You draw life force from the gnoll sergeant!
You feel life coursing into your body. The gnoll sergeant barely misses you.
The gnoll hits you from afar with a +0 spear.
Casting: Vampiric Draining (dangerous; 2% risk of failure)
Confirm with . or Enter, or press ? or * to list all spells.
Aiming: Vampiric Draining (dangerous; 2% risk of failure)
Press: ? - help, Shift-Dir - straight line, f/p - gnoll sergeant
Aim: a gnoll sergeant, wielding a +0 trident and wearing a +0 ring mail (heavily wounded)
You draw life force from the gnoll sergeant.
You feel life coursing into your body.
The gnoll hits you from afar with a +0 spear!
Casting: Vampiric Draining (dangerous; 2% risk of failure)
Confirm with . or Enter, or press ? or * to list all spells.
Aiming: Vampiric Draining (dangerous; 2% risk of failure)
Press: ? - help, Shift-Dir - straight line, f/p - gnoll sergeant
Aim: a gnoll sergeant, wielding a +0 trident and wearing a +0 ring mail (severely wounded)
You draw life force from the gnoll sergeant.
You feel life coursing into your body.
The gnoll sergeant hits you with a +0 trident!
The gnoll hits you from afar with a +0 spear.
The gnoll completely misses you.
Unknown command.
You barely miss the gnoll sergeant.
The gnoll sergeant is almost dead.
The gnoll sergeant hits you with a +0 trident!
The gnoll hits you from afar with a +0 spear.
The gnoll hits you from afar with a +0 spear!
* * * LOW HITPOINT WARNING * * *
Unknown command.
The gnoll sergeant hits you with a +0 trident!
* * * LOW HITPOINT WARNING * * *
The gnoll sergeant hits you from afar with a +0 trident.
* * * LOW HITPOINT WARNING * * *
The gnoll sergeant hits you from afar with a +0 trident!
You die...

##......## ###..####..
##.##..# ###.....##.#.
####รท.###........#.#.
#.>##..........###
#..#...........# #
#.##...........# #
##.###..........# #..#
###........# #.@#
####....## #..#
##..### #.g#### ##..##
##.gg..###..##
#....g......#
#.............##
###...........#
###..###....# #..#
###..#


You could see a gnoll sergeant and 2 gnolls.

Vanquished Creatures
  A necrophage (D:5)
  An ogre (D:4)
  2 phantoms (D:4)
  A scorpion (D:5)
  A water moccasin skeleton (D:4)
  A hound (D:4)
  Crazy Yiuf (D:4)
  A jelly (D:5)
  A bullfrog skeleton (D:4)
  A centaur skeleton (D:4)
  Jessica (D:3)
  2 iguanas
  Natasha (thrice) (D:3)
  A hound zombie (D:5)
  4 adders
  A white imp (D:5)
  3 dart slugs
  An orc (D:4)
  5 endoplasms
  4 giant cockroaches
  7 goblins
  5 hobgoblins
  2 jackals (D:3)
  7 kobolds
  7 quokkas
  7 ball pythons (D:1)
  5 bats
  A frilled lizard (D:2)
  8 rats
85 creatures vanquished.

Vanquished Creatures (collateral kills)
  2 iguanas (D:5)
2 creatures vanquished.

Grand Total: 87 creatures vanquished

Notes
Turn   | Place    | Note
-------+----------+-------------------------------------------
     0 | D:1      | Pemander the Gnoll Wanderer began the quest for the Orb.
     0 | D:1      | Pemander set off with the following items: a +0 club, a
                  | potion of curing, a +0 robe, a scroll of silence; and the
                  | following spell memorised: Animate Skeleton; and the
                  | following spells available to memorise: Corpse Rot, Dispel
                  | Undead
     0 | D:1      | Reached XP level 1. HP: 23/23 MP: 6/6
   624 | D:1      | Reached XP level 2. HP: 24/29 MP: 7/7
   742 | D:1      | Found a faded altar of an unknown god.
  1357 | D:1      | Reached XP level 3. HP: 35/35 MP: 9/9
  1391 | D:1      | Reached skill level 5 in Spellcasting
  1903 | D:1      | Learned a level 3 spell: Vampiric Draining
  2341 | D:2      | Reached skill level 1 in Invocations
  2810 | D:2      | Reached skill level 1 in Short Blades
  2810 | D:2      | Reached skill level 1 in Long Blades
  2810 | D:2      | Reached skill level 1 in Axes
  2810 | D:2      | Reached skill level 1 in Maces & Flails
  2810 | D:2      | Reached skill level 1 in Polearms
  2810 | D:2      | Reached skill level 1 in Staves
  2810 | D:2      | Reached skill level 1 in Slings
  2810 | D:2      | Reached skill level 1 in Bows
  2810 | D:2      | Reached skill level 1 in Crossbows
  2810 | D:2      | Reached skill level 1 in Throwing
  2810 | D:2      | Reached skill level 1 in Dodging
  2810 | D:2      | Reached skill level 1 in Stealth
  2810 | D:2      | Reached skill level 1 in Shields
  2810 | D:2      | Reached skill level 1 in Unarmed Combat
  2810 | D:2      | Reached skill level 1 in Evocations
  3323 | D:3      | Reached XP level 4. HP: 41/41 MP: 11/11
  3428 | D:3      | Noticed Jessica
  3433 | D:3      | Killed Jessica
  3468 | D:3      | Noticed Natasha
  3472 | D:3      | Killed Natasha
  3473 | D:3      | Reached skill level 1 in Conjurations
  3473 | D:3      | Reached skill level 1 in Hexes
  3473 | D:3      | Reached skill level 1 in Summonings
  3473 | D:3      | Reached skill level 1 in Translocations
  3473 | D:3      | Reached skill level 1 in Transmutations
  3473 | D:3      | Reached skill level 1 in Fire Magic
  3473 | D:3      | Reached skill level 1 in Ice Magic
  3473 | D:3      | Reached skill level 1 in Air Magic
  3473 | D:3      | Reached skill level 1 in Earth Magic
  3473 | D:3      | Reached skill level 1 in Poison Magic
  3577 | D:3      | Reached XP level 5. HP: 47/47 MP: 3/12
  3712 | D:3      | Noticed Natasha
  3723 | D:3      | Killed Natasha
  3993 | D:3      | Noticed Natasha
  3997 | D:3      | Killed Natasha
  4349 | D:4      | Found Paroceuz's Book Emporium.
  4358 | D:4      | Reached XP level 6. HP: 48/53 MP: 3/13
  4561 | D:4      | Found a runed translucent door.
  4562 | D:4      | Noticed Crazy Yiuf
  4569 | D:4      | Killed Crazy Yiuf
  4981 | D:4      | Reached XP level 7. HP: 59/59 MP: 5/15
  5579 | D:5      | Entered Level 5 of the Dungeon
  5714 | D:5      | Reached XP level 8. HP: 67/67 MP: 6/16
  5719 | D:5      | Learned a level 4 spell: Dispel Undead
  6257 | D:5      | Slain by a gnoll sergeant

Illustrated notes

Levels and vault maps discovered:
D:1:      lemuel_arrival_broad_hall, layout_loops_ring,
          shapermc_ecumenical_altar_ellora
D:2:      layout_basic
D:3:      layout_loops_ring, uniq_jessica, uniq_natasha
D:4:      minmay_inner_zag, layout_loops_ring, serial_shops,
          nicolae_lakefront_shop, uniq_crazy_yiuf_cottage
D:5:      layout_cave_pods, gup_sewer_entry_bubbles, grunt_ministairs_8

Skill      XL: |  1  2  3  4  5  6  7  8 |
---------------+-------------------------+-----
Spellcasting   | 5 |  5.8
Invocations    | 1 2 3 |  3.2
Short Blades   | 1 2 |  2.9
Long Blades    | 1 2 |  2.9
Axes           | 1 2 |  2.9
Maces & Flails | 1 2 |  2.9
Polearms       | 1 2 |  2.9
Staves         | 1 2 |  2.9
Slings         | 1 2 |  2.9
Bows           | 1 2 |  2.9
Crossbows      | 1 2 |  2.9
Throwing       | 1 2 |  2.9
Dodging        | 1 2 |  2.9
Stealth        | 1 2 |  2.9
Shields        | 1 2 |  2.9
Unarmed Combat | 1 2 |  2.9
Evocations     | 1 2 |  2.9
Conjurations   | 1 2 |  2.3
Hexes          | 1 2 |  2.3
Summonings     | 1 2 |  2.3
Translocations | 1 2 |  2.3
Transmutations | 1 2 |  2.3
Fire Magic     | 1 2 |  2.3
Ice Magic      | 1 2 |  2.3
Air Magic      | 1 2 |  2.3
Earth Magic    | 1 2 |  2.3
Poison Magic   | 1 2 |  2.3
Armour         | 3 4 |  4.0
Fighting       | 7 |  7.2
Necromancy     | |  7.5

Action                   |  1- 3 |  4- 6 |  7- 9 || total
-------------------------+-------+-------+-------++-------
Melee: Morningstar       |    25 |    23 |       ||    48
       Club              |   143 |       |       ||   143
       Bite              |    14 |     4 |     3 ||    21
       Punch             |     2 |       |       ||     2
       Quarterstaff      |       |    11 |    53 ||    64
 Cast: Vampiric Draining |    16 |    24 |    15 ||    55
       Animate Skeleton  |       |     1 |       ||     1
 Stab: Sleeping          |     1 |     1 |     2 ||     4
Armor: Robe              |    58 |    19 |    12 ||    89
Dodge: Dodged            |   156 |    34 |    40 ||   230
